 Dungeon Crawl Stone Soup version 0.25-a0-513-ge77a69270c (webtiles) character file.

Game seed: 10871541815219412631, levelgen mode: classic

1512 EnegeticOcto the Chopper (level 8, 62/73 HPs)
             Began as a Deep Dwarf Fighter on Feb 16, 2020.
             Quit the game in the Ecumenical Temple.
             The game lasted 00:01:49 (2399 turns).

EnegeticOcto the Chopper (Deep Dwarf Fighter)       Turns: 2399, Time: 00:01:49

Health: 62/73      AC: 11    Str: 22    XL:     8   Next: 53%
Magic:  2/2        EV:  8    Int:  9    God:
Gold:   164        SH: 10    Dex: 12    Spells: 7/7 levels left

rFire    . . .     SeeInvis .   a - +0 war axe
rCold    . . .     Gourm    .   c - +0 kite shield
rNeg     . . .     Faith    .   n - +0 chain mail
rPois    .         Spirit   .   (no helmet)
rElec    .         Reflect  .   p - +0 cloak
rCorr    .         Harm     .   (no gloves)
MR       +....                  (no boots)
Stlth    ..........             (no amulet)
HPRegen  0.00/turn              (no ring)
MPRegen  0.08/turn              (no ring)

@: non-regenerating, lightly drained
A: damage resistance, heal wounds, sense surroundings 1, no regeneration
a: Heal Wounds


You were in the Ecumenical Temple.
You were hungry.

You visited 2 branches of the dungeon, and saw 8 of its levels.

You collected 164 gold pieces.

Inventory:

Hand Weapons
 a - a +0 war axe (weapon)
Armour
 b - a +0 scale mail
 c - a +0 kite shield (worn)
 n - a +0 chain mail (worn)
 p - a +0 cloak (worn)
Scrolls
 g - 5 scrolls of identify {unknown}
 h - 3 scrolls of teleportation {unknown}
 i - 2 scrolls of remove curse {unknown}
 j - a scroll of fear {unknown}
 k - 2 scrolls of enchant armour {unknown}
 l - a scroll of amnesia {unknown}
 m - a scroll of immolation {unknown}
 q - a scroll of magic mapping {unknown}
Potions
 d - a potion of might {@q3}
 f - a potion of brilliance {unknown}
 o - a potion of haste {unknown}
Comestibles
 e - 5 rations


   Skills:
 + Level 4.8(4.6) Fighting
 * Level 7.1(7.0) Axes
 + Level 5.7(5.6) Armour
 + Level 4.5(4.4) Dodging
 + Level 5.7(5.6) Shields


You had 7 spell levels left.
You didn't know any spells.
Your spell library was empty.

Dungeon Overview and Level Annotations

Branches:
Dungeon (7/15)             Temple (1/1) D:7

Altars:
Cheibriados
Elyvilon
Fedhas
Gozag
Kikubaaqudgha
Nemelex Xobeh
Okawaru
Ru
Sif Muna
Trog
Uskayaw
Vehumet
Yredelemnul
Zin
The Shining One


Innate Abilities, Weirdness & Mutations

You are resistant to damage.
You can heal yourself by infusing magical energy.
You passively map a small area around you.
You do not regenerate.


Message History

You see here a spear.
Found 25 stones.
You see here 25 stones.
You see here 25 stones.
You open the door.
There is an open door here.
There is an open door here.
Found a stone staircase leading down.
No target in view!
No target in view!
q - a scroll labeled LOISSAN NIPSACW You open the door.
There is an open door here.
There is a stone staircase leading down here.
There is an open door here.
There is an open door here.
All of the chunks of flesh in your inventory have rotted away.
Crazy Yiuf shouts!
No reachable target in view!
No reachable target in view!
No reachable target in view!
No reachable target in view!
No reachable target in view!
No reachable target in view!
No reachable target in view!
No reachable target in view!
No reachable target in view!
No reachable target in view!
You open the door. You slash Crazy Yiuf!
Crazy Yiuf is heavily wounded.
Crazy Yiuf hits you with a +3 quarterstaff of chaos!
Crazy Yiuf burns you.
Your chain mail prevents you from hitting Crazy Yiuf.
Crazy Yiuf is heavily wounded.
Crazy Yiuf hits you but does no damage.
You feel drained.
You hit Crazy Yiuf but do no damage.
Crazy Yiuf is heavily wounded.
Crazy Yiuf hits you but does no damage.
Crazy Yiuf cries, "Shower sow unthinkable!"
You block Crazy Yiuf's attack.
You slash Crazy Yiuf!
You kill Crazy Yiuf!
No target in view!
No target in view!
No target in view!
No target in view!
No target in view!
You feel much better.
There is an open translucent door here.
Things that are here:
a +3 quarterstaff of chaos; a +0 cloak
p - a +0 cloak You start putting on your armour.
You continue putting on your +0 cloak. x4
You finish putting on your +0 cloak.
(D) Dungeon
Where to? (Enter - D:6, ? - help)
You see here a mace.
There is an open door here.
There is a stone staircase leading down here.
You climb downwards.
An adder comes into view.
The adder hisses angrily.
Found a staircase to the Ecumenical Temple.
There is a stone staircase leading up here.
An adder is nearby!
An adder is nearby!
You miss the adder. You block the adder's attack.
You hit the adder.
The adder is moderately wounded.
You block the adder's attack. The adder bites you but does no damage.
You slash the adder!
You kill the adder!
No target in view!
No target in view!
No target in view!
No target in view!
No target in view!
No target in view!
No target in view!
No target in view!
Found an escape hatch in the floor.
There is a staircase to the Ecumenical Temple here.
You climb downwards.
Welcome to the Ecumenical Temple!
Found a basalt altar of Yredelemnul.
There is a staircase back to the Dungeon here.
Found an opulent altar of Gozag and an ancient bone altar of Kikubaaqudgha.
Found a hide-covered altar of Uskayaw.
Found a bloodstained altar of Trog and a sparkling altar of Nemelex Xobeh.
Found a radiant altar of Vehumet.
Found an iron altar of Okawaru.
Found a white marble altar of Elyvilon.
Found a snail-covered altar of Cheibriados.
Found two altars.
Found a sacrificial altar of Ru.
You are feeling hungry.
Done exploring.
Search for what [? for help]? mak Can't find anything matching that.
Are you sure you want to abandon this character and quit the game? (Confirm with "yes".)

...........≈≈≈≈≈≈≈≈#
..............≈≈≈≈≈#
........._......≈≈≈#
.._.............≈≈≈#
.................≈≈#
.................≈≈#
......_......_...≈≈#
.................≈≈#
................@≈≈#
.._.............≈≈≈#
........._......≈≈≈#
..............≈≈≈≈≈#
...........≈≈≈≈≈≈≈≈#
.......≈≈≈≈≈≈≈≈≈≈≈≈#
≈≈≈≈≈≈≈≈≈≈≈≈≈≈≈≈≈≈≈#
####################


There were no monsters in sight!

Vanquished Creatures
  Grinder (D:4)
  Menkaure (D:4)
  A water moccasin (D:6)
  An orc warrior (D:6)
  A sky beast (D:6)
  2 ice beasts (D:6)
  2 ogres (D:6)
  A centaur (D:6)
  A crimson imp (D:2)
  Crazy Yiuf (D:6)
  An orc priest (D:3)
  2 hounds (D:4)
  3 orc wizards
  An iguana (D:6)
  3 worker ants
  A worker ant zombie (D:6)
  2 adders
  2 shadow imps (D:6)
  3 oozes (D:1)
  2 worms
  A leopard gecko (D:6)
  11 orcs
  4 bats
  3 giant cockroaches
  3 goblins
  4 hobgoblins
  9 jackals
  3 kobolds
  5 frilled lizards
75 creatures vanquished.

Notes
Turn   | Place    | Note
-------+----------+-------------------------------------------
     0 | D:1      | EnegeticOcto the Deep Dwarf Fighter began the quest for the
                  | Orb.
     0 | D:1      | Reached XP level 1. HP: 20/20 MP: 1/1
   114 | D:1      | Reached XP level 2. HP: 27/27 MP: 2/2
   347 | D:1      | Reached skill level 1 in Dodging
   421 | D:1      | Reached XP level 3. HP: 20/33 MP: 3/3
   638 | D:2      | Reached skill level 3 in Axes
   641 | D:2      | Reached XP level 4. HP: 40/42 MP: 4/4
   711 | D:3      | Reached XP level 5. HP: 32/49 MP: 5/5
   800 | D:4      | Reached skill level 4 in Axes
   922 | D:4      | Noticed Grinder
   942 | D:4      | Reached XP level 6. HP: 40/56 MP: 6/6
   955 | D:4      | Paralysed by Grinder for 2 turns
   967 | D:4      | Killed Grinder
   974 | D:4      | Reached skill level 5 in Axes
  1345 | D:4      | Reached XP level 7. HP: 52/63 MP: 5/5
  1389 | D:4      | Noticed Menkaure
  1406 | D:4      | Killed Menkaure
  1497 | D:5      | Entered Level 5 of the Dungeon
  1513 | D:6      | Reached skill level 5 in Armour
  1513 | D:6      | Reached skill level 5 in Shields
  1528 | D:6      | Reached skill level 6 in Axes
  1543 | D:6      | Reached XP level 8. HP: 40/73 MP: 5/5
  1584 | D:6      | Found a runed translucent door.
  1585 | D:6      | Noticed Crazy Yiuf
  1916 | D:6      | Found a blossoming altar of Fedhas.
  1982 | D:6      | Reached skill level 7 in Axes
  2036 | D:6      | Found a glowing silver altar of Zin.
  2230 | D:6      | Killed Crazy Yiuf
  2275 | D:7      | Found a staircase to the Ecumenical Temple.
  2289 | Temple   | Entered the Ecumenical Temple
  2399 | Temple   | Quit the game

Levels and vault maps discovered:
D:1:      lightli_arrival_statue_moat, layout_basic, serial_forest,
          infiniplex_forest_clump_long, infiniplex_forest_clump_small,
          infiniplex_forest_clump_cross, infiniplex_forest_straight_3,
          infiniplex_forest_end_double, infiniplex_forest_zigzag_1,
          infiniplex_forest_straight_3, infiniplex_forest_lined_room_2,
          st_stairs_1
D:2:      layout_basic, chequers_temple_overflow_statue_of_worship,
          minmay_randomly_rotated_circles, uniq_terence
D:3:      layout_basic, first_ration, minmay_misc_feat_five,
          nemelex_spade_bored_becter, uniq_sigmund
D:4:      wander_river, layout_basic, uniq_grinder, uniq_menkaure
D:5:      layout_cave_pods
D:6:      layout_basic, kennysheep_mini_moat, zin_statuary, serial_glass,
          glass_columns_a, glass_columns_a, uniq_crazy_yiuf_cottage
D:7:      layout_basic, lemuel_doored_altar, minmay_temple_entry_glass
Temple:   dshaligram_water_room_temple

Skill      XL: |  1  2  3  4  5  6  7  8 |
---------------+-------------------------+-----
Dodging        | 1 2 3 4 |  4.5
Axes           | 3 4 5 6 7 |  7.1
Fighting       | 3 4 |  4.8
Armour         | 4 5 |  5.7
Shields        | 4 5 |  5.7

Action                   |  1- 3 |  4- 6 |  7- 9 || total
-------------------------+-------+-------+-------++-------
Melee: War axe           |    85 |   110 |   104 ||   299
 Abil: Heal Wounds       |     1 |     8 |    18 ||    27
  Eat: Chunk             |       |     2 |     3 ||     5
Armor: Scale mail        |    46 |    52 |    37 ||   135
       Chain mail        |       |       |     7 ||     7
Dodge: Dodged            |    27 |    46 |    79 ||   152
Block: Kite shield       |    47 |    81 |    93 ||   221

Table legend:
 A = Non-vault XP
 B = Vault XP
 C = Vault XP percentage of total XP
 D = Non-vault monster count
 E = Vault monster count
 F = Vault count percentage of total count
                 A         B        C        D         E       F
            +---------+---------+-------+---------+---------+-------
      Total |    1666 |     495 |  22.9 |      72 |       3 |   4.0
            +---------+---------+-------+---------+---------+-------
        D:1 |      48 |       0 |   0.0 |      19 |       0 |   0.0
        D:2 |      60 |       0 |   0.0 |       6 |       0 |   0.0
        D:3 |     138 |       0 |   0.0 |      11 |       0 |   0.0
        D:4 |     225 |     453 |  66.8 |      14 |       2 |  12.5
        D:6 |    1182 |      42 |   3.4 |      21 |       1 |   4.5
        D:7 |      13 |       0 |   0.0 |       1 |       0 |   0.0
            +---------+---------+-------+---------+---------+-------
